 Dungeon Crawl Stone Soup version 0.29.1-14-g9c671dbff4 (webtiles) character file.

Game seed: 18367210585266311465

127564 raph the Gelid (level 17, -7/124 HPs)
             Began as a Merfolk Ice Elementalist on Feb 16, 2023.
             Was an Elder of Sif Muna.
             Mangled by a sun demon (19 damage)
             ... on level 3 of the Abyss.
             The game lasted 01:16:03 (30513 turns).

raph the Gelid (Merfolk Ice Elementalist)          Turns: 30513, Time: 01:16:04

Health: -7/124     AC: 26    Str: 10    XL:     17   Next: 1%
Magic:  18/30      EV: 22    Int: 31    God:    Sif Muna [****..]
Gold:   905        SH: 11    Dex: 22    Spells: 3/34 levels left

rFire   + . .      SeeInvis .   b - +6 demon trident (vorpal)
rCold   . . .      Faith    .   r - +0 buckler of Uskayaw's Approval {+Inv Regen+ Int+3 Dex+3}
rNeg    . . .      Spirit   .   m - +3 leather armour {rF+}
rPois   .          Reflect  .   (helmet restricted)
rElec   .          Harm     .   q - +5 cloak of the Wilderness {Int+7 Dex+5}
rCorr   .          Rampage  .   T - +2 pair of gloves
Will    +....                   (no boots)
Stlth   ++........              Q - amulet of the acrobat
HPRegen 0.00/turn               O - +4 ring of slaying
MPRegen 0.22/turn               u - +4 ring of evasion

@: mighty, lethally poisoned (-7 -> -25), ice-armoured, freezing walls, sick
A: (nimble swimmer 2), mertail, beak, large bone plates 1
a: Renounce Religion, Evoke Invisibility, Channel Magic, Forget Spell, Divine
Exegesis


You were on level 3 of the Abyss.
You worshipped Sif Muna.
Sif Muna was greatly pleased with you.
You visited 3 branches of the dungeon, and saw 22 of its levels.
You visited the Abyss 1 time.

You collected 2460 gold pieces.
You spent 1555 gold pieces at shops.

Inventory:

Hand Weapons
 a - the +4 trident of the Distant Future {drain, rF++ rN+++ Str-2 Int+3}
   (You bought it in a shop on level 1 of the Orcish Mines)

   A truly terrible weapon, it drains the life of any living foe it strikes.
   Str:       It affects your strength (-2).
   Int:       It affects your intelligence (+3).
   rF:        It greatly protects you from fire.
   rN:        It renders you almost immune to negative energy.
 b - a +6 vorpal demon trident (weapon)
 Y - a +4 vorpal trident
Missiles
 e - 44 poisoned darts
 t - 3 throwing nets
 J - 7 curare-tipped darts
Armour
 m - a +3 leather armour of fire resistance (worn)
 q - the +5 cloak of the Wilderness (worn) {Int+7 Dex+5}
   (You acquired it on level 5 of the Dungeon)

   Int:       It affects your intelligence (+7).
   Dex:       It affects your dexterity (+5).
 r - the +0 buckler of Uskayaw's Approval (worn) {+Inv Regen+ Int+3 Dex+3}
   (You acquired it on level 4 of the Dungeon)

   Int:       It affects your intelligence (+3).
   Dex:       It affects your dexterity (+3).
   +Inv:      It lets you turn invisible.
   Regen:     It increases your rate of health regeneration.
 T - a +2 pair of gloves (worn)
Jewellery
 k - a ring of ice
 u - a +4 ring of evasion (right hand)
 y - a ring of protection from fire
 z - a +6 ring of dexterity
 C - a +6 ring of intelligence
 O - a +4 ring of slaying (left hand)
 Q - an amulet of the acrobat (around neck)
 V - a ring of positive energy
 Z - a ring of magical power
Wands
 i - a wand of mindburst (8)
 o - a wand of digging (3)
 w - a wand of paralysis (17)
 I - a wand of polymorph (10)
 N - a wand of acid (7)
 P - a wand of iceblast (9)
 X - a wand of flame (20)
Scrolls
 j - 3 scrolls of blinking
 l - a scroll of teleportation
 n - 2 scrolls of poison
 s - 3 scrolls of enchant armour
 B - a scroll of summoning
 E - 8 scrolls of identify
 F - 2 scrolls of fear
 G - 4 scrolls of magic mapping
 H - 2 scrolls of immolation
 M - a scroll of brand weapon
 S - a scroll of silence
Potions
 c - 3 potions of berserk rage
 f - 2 potions of mutation
 g - 11 potions of curing
 h - 9 potions of brilliance
 p - 3 potions of haste
 A - 2 potions of invisibility
 D - 3 potions of lignification
 L - a potion of magic
 R - 2 potions of might
 U - a potion of flight
 W - 2 potions of attraction


   Skills:
 + Level 8.8 Fighting
 + Level 13.3 Polearms
 + Level 6.7 Armour
 + Level 8.9 Dodging
 - Level 2.1 Stealth
 + Level 9.2 Shields
 + Level 9.3 Spellcasting
 + Level 6.8 Conjurations
 - Level 4.6 Hexes
 + Level 8.4 Summonings
 - Level 9.1 Transmutations
 + Level 15.0 Ice Magic
 - Level 7.2 Invocations
 - Level 6.2 Evocations


You had 3 spell levels left.
You knew the following spells:

 Your Spells              Type           Power      Damage    Failure   Level
a - Freeze                Ice            100%       1d11      0%          1
b - Frozen Ramparts       Ice            100%       1d16      1%          3
c - Ozocubu's Armour      Ice            82%        N/A       1%          3
d - Hailstorm             Conj/Ice       70%        3d15      1%          4
e - Blink                 Tloc           28%        N/A       9%          2
f - Summon Lightning Spi  Summ/Air       40%        N/A       10%         4
g - Metabolic Englaciati  Hex/Ice        33%        N/A       2%          5
h - Summon Ice Beast      Ice/Summ       72%        N/A       1%          4
i - Freezing Cloud        Conj/Ice/Air   28%        6-21      8%          5

Your spell library contained the following spells:

 Spells                   Type           Power      Damage    Failure   Level
 Foxfire                  Conj/Fire      100%       2x1d9     1%          1
 Magic Dart               Conj           100%       1d8       1%          1
 Summon Small Mammal      Summ           100%       N/A       1%          1
 Call Imp                 Summ           61%        N/A       1%          2
 Ensorcelled Hibernation  Hex/Ice        100%       N/A       1%          2
 Passwall                 Tmut/Erth      35%        N/A       1%          2
 Searing Ray              Conj           100%       2d8       1%          2
 Static Discharge         Conj/Air       35%        3-8/arc   1%          2
 Call Canine Familiar     Summ           61%        N/A       1%          3
 Spider Form              Tmut/Pois      42%        N/A       2%          3
 Conjure Flame            Conj/Fire      35%        6-21      4%          3
 Inner Flame              Hex/Fire       28%        N/A       6%          3
 Scorch                   Fire           28%        2d6       9%          2
 Lesser Beckoning         Tloc           14%        N/A       16%         3
 Ice Form                 Ice/Tmut       74%        N/A       1%          4
 Fulminant Prism          Conj/Hex       25%        3d14      5%          4
 Irradiate                Conj/Tmut      29%        3d21      5%          5
 Petrify                  Tmut/Erth      42%        N/A       9%          4
 Iskenderun's Battlesphe  Conj           54%        2d10      9%          5
 Flame Wave               Conj/Fire      35%        2d10      13%         4
 Sticky Flame             Conj/Fire      35%        2d5       13%         4
 Leda's Liquefaction      Hex/Erth       14%        N/A       22%         4
 Summon Cactus Giant      Summ           30%        N/A       26%         6
 Lightning Bolt           Conj/Air       17%        1d32      36%         5
 Eringya's Noxious Bog    Tmut/Pois      21%        N/A       77%         6
 Statue Form              Tmut/Erth      28%        N/A       77%         6
 Monstrous Menagerie      Summ           30%        N/A       82%         7
 Summon Hydra             Summ           30%        N/A       82%         7
 Borgnjor's Vile Clutch   Necr/Erth      7%         N/A       83%         5
 Manifold Assault         Tloc           14%        N/A       83%         5
 Iron Shot                Conj/Erth      17%        9d4       90%         6
 Orb of Destruction       Conj           27%        9d9       95%         7
 Chain Lightning          Conj/Air       17%        3d23      100%        9


Dungeon Overview and Level Annotations

Branches:
Dungeon (15/15)            Temple (0/1) D:7            Lair (5/5) D:10
  Swamp (0/4) Lair:2       Spider (0/4) Lair:2        Slime (0/5) Lair:4
    Orc (2/2) D:12            Elf (0/3) Orc:2        Vaults (0/5) D:14
 Depths: D:15

Altars:
Cheibriados
Nemelex Xobeh
Okawaru
Ru
Sif Muna
Trog
Uskayaw
Wu Jian
The Shining One
Jiyva

Shops:
Orc:1 :[(:*   Orc:2 [?:*(

Annotations:
D:13 2 runed translucent doors, Asub's ghost, journeyman DsBe
D:15 Roxanne
Lair:1 2 transporters, exclusion: 3 oklob plants, Yolobob's ghost, journeyman DEFE
Lair:4 exclusion: 2 oklob plants


Innate Abilities, Weirdness & Mutations

((You are very nimble when in or above water. (Stealth+, EV+, Speed+++)))
Your lower body shifts to a powerful aquatic tail in water.
You have a beak for a mouth.
You are partially covered in large bone plates. (SH +4)


Message History

* * * LOW HITPOINT WARNING * * *
The wall freezes the wolf spider.
The wolf spider hits you!
* * * LOW HITPOINT WARNING * * *
You block the wolf spider's attack.
The wall freezes the wolf spider.
You block the wolf spider's attack. The wolf spider completely misses you.
The heat melts your icy armour.
You feel much better.
* * * LOW HITPOINT WARNING * * *
You feel very sick.
The apocalypse crab completely resists.
The wall freezes the apocalypse crab but does no damage.
The wall freezes something but does no damage.
You block something's attack.
The wall freezes the large abomination but does no damage.
Your lindwurm bites the tentacled starspawn.
Your lindwurm claws the tentacled starspawn but does no damage. x2
The wall freezes the wolf spider.
The wolf spider closely misses you. You block the wolf spider's attack.
The wall freezes the wolf spider.
The wolf spider completely misses you. The wolf spider closely misses you.
The tentacled starspawn closely misses you.
The tentacled starspawn tentacle-slaps you but does no damage.
The sun demon is frozen!
The wall freezes the sun demon.
You block the sun demon's attack.
The tentacled starspawn bites your lindwurm!!
Your lindwurm dies!
Your lindwurm's corpse disappears in a puff of smoke!
The wall freezes the apocalypse crab but does no damage.
The wall freezes something.
Something closely misses you.
You feel very mighty all of a sudden.
* * * LOW HITPOINT WARNING * * *
You feel very sick.
The wall freezes the wolf spider.
The wolf spider closely misses you. The wolf spider completely misses you.
The wall freezes the wolf spider.
You block the wolf spider's attack. The wolf spider closely misses you.
The wall freezes the large abomination.
The wall freezes something!
Sif Muna accepts your kill.
Reactivating autopickup.
You feel a bit more experienced.
The sun demon is frozen!
The wall freezes the sun demon!
The sun demon hits you!!
You die...

...## .#.#.#
......# ......
....... ...... #
.......###......
#. .
........─w.X.. .
. #§
##.....│t...
.... #
.......Xss# # .
.. .. ......x3@#
##.... .
......X.## ## .
. .....##t# ...
........# .. # .
........# #. ...
........ #. ..
.. .....# . . .
........## ##.
.. .........##
.... ..


You could see 2 tentacled starspawn, 2 wolf spiders, a sun demon, 2 apocalypse
crabs, a large abomination, a worldbinder and a starspawn tentacle.

Vanquished Creatures
  Jorgrun (D:12)
  Frances (D:12)
  A tentacled starspawn (Abyss:2)
  A very ugly thing (Abyss:2)
  A fire dragon (Lair:5)
  7 hydras
  A caustic shrike simulacrum (Abyss:3)
  6 boulder beetles
  Erica (D:8)
  5 centaur warriors
  2 two-headed ogres
  2 tengu warriors (D:13)
  Urug (D:12)
  5 death yaks (Lair:2)
  A hell hog (Abyss:2)
  A death yak (shapeshifter) (D:14)
  7 orc high priests (Orc:2)
  A deep elf knight (D:15)
  Sonja (Orc:1)
  Amaemon (Lair:3)
  4 skeletal warriors (D:14)
  A wizard (D:12)
  2 lindwurms
  A bog body (Lair:2)
  An orc knight (Orc:2)
  2 deep elf pyromancers (D:15)
  Pikel (D:8)
  A necromancer (Lair:4)
  11 ugly things
  A wolf spider (Lair:5)
  3 manticores
  A salamander (shapeshifter) (D:15)
  3 cyclopes
  A worldbinder (Abyss:2)
  3 orc sorcerers
  4 black mambas
  13 elephants
  2 naga magi (D:15)
  Maurice (D:8)
  6 torpor snails (Lair:5)
  A guardian serpent (shapeshifter) (D:13)
  19 cane toads
  A smoke demon (Abyss:2)
  2 demonic crawlers (D:13)
  An orange demon (Lair:3)
  3 gargoyles
  Psyche (D:8)
  3 efreet
  2 freezing wraiths
  Maggie (D:8)
  10 komodo dragons
  A tormentor (Abyss:2)
  2 rime drakes
  An ancient zyme (Abyss:3)
  2 tengu conjurers
  A komodo dragon (shapeshifter) (D:14)
  A queen bee (shapeshifter) (D:14)
  8 trolls
  A polar bear (shapeshifter) (D:15)
  13 polar bears
  3 meliai (D:13)
  4 tyrant leeches (Lair:5)
  7 hornets
  2 raiju
  6 dream sheep (Lair:5)
  A tarantella (shapeshifter) (D:15)
  19 blink frogs
  11 slime creatures
  A culicivora (Lair:2)
  A jumping spider (Lair:2)
  2 shadows (D:10)
  Sigmund (D:5)
  A culicivora (shapeshifter) (D:12)
  80 yaks
  A vampire (D:12)
  A wraith (D:12)
  A ynoxinul (Abyss:2)
  A small abomination (Abyss:3)
  A chaos spawn (Abyss:2)
  A hog (shapeshifter) (Abyss:2)
  2 steam dragons
  7 wyverns
  9 vampire mosquitoes
  8 basilisks
  A redback (Lair:2)
  A large abomination (Abyss:3)
  12 wargs
  11 water moccasins
  An acid dragon (D:11)
  Duvessa (D:4)
  14 hell hounds (Lair:5)
  15 orc warriors
  A sky beast (D:7)
  13 black bears
  7 ogres
  17 centaurs
  A lemure (D:8)
  29 wolves
  13 bullfrogs
  2 kobold brigands
  7 gnoll sergeants
  A necrophage (D:8)
  7 wights
  Dowan (D:4)
  5 killer bees (D:10)
  A vampire bat (Lair:1)
  2 howler monkeys (D:9)
  3 hounds
  A gnoll bouda (D:8)
  35 orc priests
  Ijyb (D:3)
  2 iguanas (D:5)
  28 orc wizards
  6 hell rats (Lair:5)
  A yak simulacrum (Lair:4)
  6 polar bear simulacra (Lair:4)
  A wolf simulacrum (Lair:4)
  30 gnolls
  8 adders
  3 shadow imps
  2 white imps
  An ufetubus (Abyss:3)
  2 worms
  2 dart slugs
  108 orcs
  2 ball pythons (D:2)
  13 bats
  2 endoplasms
  7 giant cockroaches
  7 hobgoblins
  3 jackals (D:2)
  3 frilled lizards
  14 goblins
  12 kobolds
  3 rats
  3 river rat simulacra (Lair:4)
  A lurking horror (Abyss:2)
  2 starspawn tentacles (Abyss:2)
829 creatures vanquished.

Vanquished Creatures (collateral kills)
  A deep elf pyromancer (D:15)
  A deep elf archer (D:15)
  A cyclops (D:12)
  A deep elf zephyrmancer (D:15)
  An ugly thing (D:14)
  A hornet (Lair:5)
  A small abomination (Abyss:3)
  An orc warrior (Orc:2)
  4 orc priests (Orc:2)
  An orc (Orc:2)
13 creatures vanquished.

Vanquished Creatures (others)
  A slime creature (D:12)
  A golden eye (Abyss:3)
  38 fungi
  62 plants
  35 starspawn tentacles
137 creatures vanquished.

Grand Total: 979 creatures vanquished

Notes
Turn   | Place    | Note
-------+----------+-------------------------------------------
     0 | D:1      | raph the Merfolk Ice Elementalist began the quest for the
                  | Orb.
     0 | D:1      | Reached XP level 1. HP: 13/13 MP: 3/3
   493 | D:1      | Reached XP level 2. HP: 18/19 MP: 3/5
   798 | D:2      | Reached skill level 5 in Ice Magic
   837 | D:2      | Found a faded altar of an unknown god.
   994 | D:2      | Found an iron altar of Okawaru.
  1073 | D:2      | Reached XP level 3. HP: 24/24 MP: 4/6
  1562 | D:2      | Learned a level 3 spell: Frozen Ramparts
  1587 | D:3      | Reached XP level 4. HP: 24/30 MP: 3/7
  1588 | D:3      | Reached skill level 6 in Ice Magic
  1882 | D:3      | Reached XP level 5. HP: 33/35 MP: 4/9
  2173 | D:3      | Reached skill level 7 in Ice Magic
  2282 | D:3      | Learned a level 3 spell: Ozocubu's Armour
  2356 | D:3      | Noticed Ijyb
  2369 | D:3      | Killed Ijyb
  2370 | D:3      | Reached XP level 6. HP: 37/41 MP: 6/10
  3347 | D:4      | Identified a scroll of acquirement
  3347 | D:4      | Acquired the +0 buckler of Uskayaw's Approval {+Inv Regen+
                  | Int+3 Dex+3}
  3374 | D:4      | Learned a level 4 spell: Hailstorm
  3571 | D:4      | Noticed Dowan
  3573 | D:4      | Noticed Duvessa
  3580 | D:4      | Killed Dowan
  3583 | D:4      | Killed Duvessa
  3584 | D:4      | Reached skill level 1 in Shields
  3584 | D:4      | Reached XP level 7. HP: 46/46 MP: 6/12
  3587 | D:4      | Found an ornate altar of the Wu Jian Council.
  4490 | D:4      | Reached skill level 8 in Ice Magic
  4626 | D:4      | Identified the +7 war axe "Roz Ysm" {spect, *Rage rN+ Will+
                  | Dex+2}
  4721 | D:5      | Entered Level 5 of the Dungeon
  4838 | D:5      | Found a bloodstained altar of Trog.
  4874 | D:5      | Reached skill level 1 in Conjurations
  4946 | D:5      | Acquired the +5 cloak of the Wilderness {Int+7 Dex+5}
  5159 | D:5      | Reached skill level 1 in Armour
  5208 | D:5      | Found a sacrificial altar of Ru.
  5397 | D:5      | Found a shimmering blue altar of Sif Muna.
  5759 | D:5      | Noticed Sigmund
  5770 | D:5      | Killed Sigmund
  5771 | D:5      | Reached XP level 8. HP: 52/52 MP: 7/14
  6235 | D:5      | Became a worshipper of Sif Muna the Loreminder
  6328 | D:6      | Found a sparkling altar of Nemelex Xobeh.
  6439 | D:6      | Reached skill level 9 in Ice Magic
  6517 | D:6      | Got the Compendium of Cankerous Earth
  6562 | D:6      | Found a snail-covered altar of Cheibriados.
  6947 | D:7      | Identified the +1 leather armour of Hospitality {Harm rCorr
                  | Slay+3}
  6990 | D:7      | Noticed a yak
  6994 | D:7      | Noticed a yak
  6996 | D:7      | Noticed a yak
  6998 | D:7      | Killed a yak
  6998 | D:7      | Noticed a yak
  6999 | D:7      | Reached XP level 9. HP: 54/57 MP: 8/16
  7003 | D:7      | Reached skill level 5 in Spellcasting
  7006 | D:7      | Reached skill level 10 in Ice Magic
  7140 | D:7      | Noticed a troll
  7147 | D:7      | Killed a troll
  7200 | D:7      | Reached * piety under Sif Muna
  7293 | D:7      | Noticed a troll
  7300 | D:7      | Killed a troll
  7313 | D:7      | Noticed a five-headed hydra
  7406 | D:7      | Killed a five-headed hydra
  7407 | D:7      | Reached skill level 11 in Ice Magic
  7407 | D:7      | Reached XP level 10. HP: 41/63 MP: 11/18
  7562 | D:7      | Found a staircase to the Ecumenical Temple.
  7579 | D:7      | Reached skill level 5 in Shields
  8039 | D:8      | Noticed Erica
  8048 | D:8      | Killed Erica
  8180 | D:8      | Noticed Psyche
  8187 | D:8      | Killed Psyche
  8630 | D:8      | Noticed Maurice
  8637 | D:8      | Killed Maurice
  8638 | D:8      | Reached skill level 1 in Fighting
  8638 | D:8      | Reached skill level 1 in Polearms
  8734 | D:8      | Noticed Pikel
  8741 | D:8      | Killed Pikel
  8806 | D:8      | Noticed Maggie
  8816 | D:8      | Killed Maggie
  9171 | D:8      | Reached skill level 12 in Ice Magic
  9173 | D:8      | Reached XP level 11. HP: 73/73 MP: 15/20
  9179 | D:8      | Reached ** piety under Sif Muna
  9254 | D:8      | Found a hide-covered altar of Uskayaw.
  9672 | D:9      | Reached skill level 5 in Conjurations
 10591 | D:9      | Learned a level 2 spell: Blink
 10600 | D:10     | Entered Level 10 of the Dungeon
 10986 | D:10     | Found a staircase to the Lair.
 11032 | D:10     | Reached skill level 1 in Invocations
 11147 | D:10     | Identified the +10 long sword "Ywnusem" {pain, Drain Will+
                  | rCorr}
 11480 | D:10     | Found a glowing golden altar of the Shining One.
 11530 | Lair:1   | Entered Level 1 of the Lair of Beasts
 11537 | Lair:1   | Reached skill level 1 in Evocations
 11557 | Lair:1   | Reached *** piety under Sif Muna
 11628 | Lair:1   | Noticed an oklob plant
 11628 | Lair:1   | Noticed an oklob plant
 11628 | Lair:1   | Noticed an oklob plant
 11653 | Lair:1   | Reached skill level 5 in Polearms
 11842 | Lair:1   | Reached XP level 12. HP: 83/83 MP: 19/22
 12085 | Lair:1   | Reached skill level 13 in Ice Magic
 12232 | Lair:1   | Reached skill level 5 in Armour
 12232 | Lair:1   | Reached skill level 5 in Dodging
 12232 | Lair:1   | Reached XP level 13. HP: 90/90 MP: 22/24
 12254 | Lair:1   | Reached skill level 5 in Fighting
 12452 | Lair:1   | Noticed Yolobob's ghost (journeyman DEFE)
 12466 | Lair:1   | Found a transporter.
 12485 | Lair:1   | Found a transporter.
 13377 | Lair:2   | Learned a level 4 spell: Petrify
 13552 | Lair:2   | Reached **** piety under Sif Muna
 13562 | Lair:2   | Reached skill level 1 in Transmutations
 13654 | Lair:2   | Found a hole to the Spider Nest.
 13775 | Lair:2   | Learned a level 5 spell: Metabolic Englaciation
 13833 | Lair:2   | Reached skill level 14 in Ice Magic
 14147 | Lair:2   | Reached skill level 1 in Hexes
 14375 | Lair:2   | Found a staircase to the Swamp.
 14576 | Lair:3   | Reached skill level 5 in Invocations
 14659 | Lair:3   | Reached XP level 14. HP: 75/99 MP: 14/25
 15262 | Lair:3   | Noticed Amaemon
 15273 | Lair:3   | Killed Amaemon
 16158 | Lair:4   | Reached skill level 5 in Transmutations
 16288 | Lair:4   | Reached ***** piety under Sif Muna
 16295 | Lair:4   | Reached skill level 10 in Polearms
 16633 | Lair:4   | Received a gift from Sif Muna
 16636 | Lair:4   | Got Sif Muna's Directory of the Snowflakes and Conflict
                  | {god gift}
 16652 | Lair:4   | Learned a level 4 spell: Summon Ice Beast
 16963 | Lair:4   | Found a viscous altar of Jiyva.
 16963 | Lair:4   | Found a staircase to the Slime Pits.
 17276 | Lair:5   | Entered Level 5 of the Lair of Beasts
 17523 | Lair:5   | Reached skill level 1 in Summonings
 17819 | Lair:5   | Reached skill level 5 in Evocations
 18351 | Lair:5   | Found a runed translucent door.
 18863 | Lair:5   | Reached XP level 15. HP: 76/107 MP: 9/26
 18896 | Lair:5   | Received a gift from Sif Muna
 19010 | Lair:5   | Got Gaklinuf's Secrets of Assistive Geology {god gift}
 20648 | D:11     | Received a gift from Sif Muna
 20674 | D:11     | Got Epriesu's Precepts of Feathery Ice {god gift}
 20824 | D:11     | Learned a level 4 spell: Ice Form
 21865 | D:12     | Noticed Frances
 21889 | D:12     | Killed Frances
 22304 | D:12     | Found a staircase to the Orcish Mines.
 22395 | D:12     | You fall into a shaft and drop 1 floor!
 22755 | D:13     | Found a runed translucent door.
 23103 | D:13     | Reached XP level 16. HP: 94/115 MP: 13/28
 23255 | D:13     | Noticed a lich
 23257 | D:13     | Found a runed translucent door.
 23259 | D:13     | Noticed Asub's ghost (journeyman DsBe)
 23635 | Orc:1    | Entered Level 1 of the Orcish Mines
 23635 | Orc:1    | Noticed Jorgrun
 23635 | Orc:1    | Noticed Urug
 23657 | D:12     | Killed Jorgrun
 23822 | D:12     | Received a gift from Sif Muna
 23831 | D:12     | Killed Urug
 23835 | D:12     | Got Sif Muna's Writings on Confrontation {god gift}
 23900 | Orc:1    | Noticed Sonja
 23909 | Orc:1    | Killed Sonja
 24354 | Orc:1    | Found Biusih's Armour Boutique.
 24390 | Orc:1    | Found Ekilaesonk's Antique Weapon Shop.
 24402 | Orc:1    | Bought an iridescent trident for 195 gold pieces
 24402 | Orc:1    | Identified the +4 trident of the Distant Future {drain,
                  | rF++ rN+++ Str-2 Int+3} (You bought it in a shop on level 1
                  | of the Orcish Mines)
 24443 | Orc:1    | Found Lalegink's Book Shop.
 24536 | Orc:1    | Found Itunago's Book Emporium.
 24653 | Orc:2    | Entered Level 2 of the Orcish Mines
 24840 | Orc:1    | Learned a level 4 spell: Summon Lightning Spire
 25145 | Orc:2    | Found Daargh's Self-Improvement Boutique.
 25261 | Orc:2    | Reached skill level 5 in Summonings
 25393 | Orc:2    | Gained mutation: You are occasionally teleported next to
                  | monsters. [a neqoxec]
 25753 | Orc:2    | Received a gift from Sif Muna
 25754 | Orc:2    | Got Sif Muna's Volume of the Helpful Blaze {god gift}
 25999 | Orc:2    | Found Fasaerph's Magic Scroll Emporium.
 25999 | Orc:2    | Found Fomop's Armour Boutique.
 26020 | Orc:2    | Bought a scroll of blinking for 105 gold pieces
 26061 | Orc:2    | Found Deitus's Antique Weapon Emporium.
 26061 | Orc:2    | Found Macium's General Store.
 26141 | Orc:2    | Found a staircase to the Elven Halls.
 26647 | Orc:1    | Found Nylir's Assorted Antiques.
 26650 | Orc:1    | Bought a twisted wooden ring for 175 gold pieces
 26744 | Orc:2    | Bought a scroll of acquirement for 728 gold pieces
 26744 | Orc:2    | Acquired a +2 demon trident of draining
 27001 | Orc:2    | Bought 3 scrolls of enchant weapon for 247 gold pieces
 27032 | Orc:2    | Bought a scroll of enchant weapon for 105 gold pieces
 27195 | D:12     | Identified the +9 spear of the Growing Messenger {venom,
                  | rC+ Will- rCorr Stlth+}
 27922 | D:13     | Lost mutation: You are occasionally teleported next to
                  | monsters. [potion of mutation]
 27922 | D:13     | Gained mutation: You are partially covered in large bone
                  | plates. (SH +4) [potion of mutation]
 27922 | D:13     | Gained mutation: You have a beak for a mouth. [potion of
                  | mutation]
 28204 | D:14     | Identified the +9 war axe of Rysesuo {holy, rC+}
 28341 | D:14     | Noticed an azure jelly
 28341 | D:14     | a quicksilver ooze changed into an azure jelly
 28345 | D:14     | an azure jelly changed into a fire giant
 28360 | D:14     | Noticed a quicksilver dragon
 28360 | D:14     | a fire giant changed into a quicksilver dragon
 28361 | D:14     | a quicksilver dragon changed into an alligator snapping
                  | turtle
 28362 | D:14     | Noticed a quicksilver dragon
 28362 | D:14     | an alligator snapping turtle changed into a quicksilver
                  | dragon
 28365 | D:14     | a quicksilver dragon changed into an emperor scorpion
 28542 | D:14     | Found a gate to the Vaults.
 28779 | D:15     | Entered Level 15 of the Dungeon
 29067 | D:15     | Received a gift from Sif Muna
 29070 | D:15     | Got Sif Muna's Book of Atmospheric Damage Dealing {god
                  | gift}
 29078 | D:15     | Learned a level 5 spell: Freezing Cloud
 29266 | D:15     | Identified Roxanne's Volume of Transformation
 29266 | D:15     | Noticed Roxanne
 29755 | Abyss:2  | Cast into level 2 of the Abyss (a wizard)
 29790 | Abyss:2  | Found a corrupted altar of Lugonu.
 29863 | Abyss:2  | Noticed a tentacled starspawn
 29870 | Abyss:2  | Reached skill level 15 in Ice Magic
 29878 | Abyss:2  | Killed a tentacled starspawn
 29947 | Abyss:2  | Noticed a tentacled starspawn
 30033 | Abyss:2  | Found a corrupted altar of Lugonu.
 30329 | Abyss:3  | Reached XP level 17. HP: 95/124 MP: 30/30
 30388 | Abyss:3  | Noticed a tentacled starspawn
 30415 | Abyss:3  | Noticed a tentacled starspawn
 30511 | Abyss:3  | HP: 6/124 [wolf spider[a worldbinder] (10)]
 30513 | Abyss:3  | Mangled by a sun demon

Illustrated notes

Levels and vault maps discovered:
D:1:      scummos_arrival_checkerplants, layout_basic
D:2:      layout_rooms, dreamdust_ecumenical_altar_angels_and_demons,
          basic_altar, hangedman_abyss_or_decor_lesser_grid
D:3:      minmay_wonky_spiral, layout_rooms, uniq_ijyb
D:4:      layout_rooms, nzn_wu_jian_contemplation, uniq_duvessa
D:5:      layout_gridville, trog_hazing_becter, hangedman_ru_absence,
          kennysheep_little_box, uniq_sigmund
D:6:      layout_rooms, cheibriados_altar_1, lemuel_crystal_altar,
          kennysheep_cross_room
D:7:      minmay_blocky_corners, layout_loops_ring,
          minmay_temple_entry_glassed_door
D:8:      layout_basic, overflow_temple_1_default, uniq_psyche, uniq_maggie,
          uniq_pikel, uniq_maurice, uniq_erica
D:9:      layout_loops_corners
D:10:     layout_rooms, nicolae_tso_swordbearing_angel, lair_entry_dummy
D:11:     layout_cave_pools
D:12:     minmay_clustersquares, layout_cave_pools, orc_0_dummy, uniq_frances
D:13:     layout_irregular_city, gauntlet_entry_generic,
          muffindrake_ghost_dual_entry, serial_bayou_pond_e,
          einodemon_crawler_minivault
D:14:     layout_gridville, david_vaults_2
D:15:     grunt_enter_depths_magical_seal, layout_cave_pools, minivault_27,
          grunt_decor_junction, minmay_misc_feat_plants, uniq_roxanne
Lair:1:   minmay_lair_oklob_chamber, layout_chaotic_city,
          gammafunk_ghost_berserking_beasts, roderic_batcave,
          grunt_megastairs_1, lemuel_fruit_tree
Lair:2:   layout_regular_city, skrybe_swamp_entry_bodies,
          spider_nest_entry_funnel_web
Lair:3:   layout_cave_pods, uniq_amaemon
Lair:4:   layout_regular_city, minmay_slime_entry_oklob_open, st_stairs_13,
          eino_house_with_fridge
Lair:5:   hangedman_lair_caniforms_friends, layout_cave_pods, wormcave,
          chequers_serial_rivers_micro_a, infiniplex_staircase_pool_2
Orc:1:    layout_caves, serial_shops, shop, nicolae_shop_behind_doors,
          nicolae_shop_waterfront, nicolae_shop_window_shopping,
          nicolae_shop_behind_doors, mines2_david, uniq_sonja, uniq_jorgrun,
          uniq_urug
Orc:2:    st_orc_town, layout_caves, nicolae_shop_self_help
Abyss:3:  base: D:15, evilmike_abyss_exit_4, hangedman_abyss_or_decor_slice,
          minivault_11

Skill      XL: |  1  2  3  4  5  6  7  8  9 10 11 12 13 14 15 16 |
---------------+-------------------------------------------------+-----
Ice Magic      | 5 6 7 8 9 11 12 13 14 15 | 15.0
Spellcasting   | 3 4 5 6 7 8 9 |  9.3
Shields        | 1 2 3 4 5 6 7 8 9 |  9.2
Conjurations   | 1 2 4 5 6 |  6.8
Armour         | 1 2 3 4 5 6 |  6.7
Fighting       | 2 4 5 6 7 8 |  8.8
Polearms       | 2 5 7 9 10 12 13 | 13.3
Dodging        | 3 5 6 7 8 |  8.9
Invocations    | 2 3 5 6 7 |  7.2
Evocations     | 1 3 4 5 6 |  6.2
Transmutations | 3 6 8 9 |  9.1
Hexes          | 1 3 4 |  4.6
Summonings     | 2 3 8 |  8.4
Stealth        | |  2.1

Action                   |  1- 3 |  4- 6 |  7- 9 | 10-12 | 13-15 | 16-18 || total
-------------------------+-------+-------+-------+-------+-------+-------++-------
Melee: Short sword       |     8 |       |       |       |       |       ||     8
       Dagger            |     4 |       |       |       |       |       ||     4
       Halberd           |       |    26 |       |       |       |       ||    26
       Spear             |       |     5 |    94 |    47 |       |       ||   146
       Trident           |       |       |       |   142 |   825 |   297 ||  1264
       Unarmed           |       |       |       |       |     3 |       ||     3
       Demon trident     |       |       |       |       |       |   315 ||   315
       Peck              |       |       |       |       |       |    67 ||    67
Throw: Dart              |     1 |     2 |       |     1 |    13 |       ||    17
 Cast: Freeze            |    28 |       |       |       |    29 |     7 ||    64
       Frozen Ramparts   |     1 |    26 |    26 |    42 |   138 |    54 ||   287
       Ozocubu's Armour  |       |     1 |    13 |    24 |    84 |    40 ||   162
       Hailstorm         |       |       |     2 |    16 |    65 |    13 ||    96
       Metabolic Englaci |       |       |       |       |    37 |     3 ||    40
       Summon Ice Beast  |       |       |       |       |     6 |     6 ||    12
       Petrify           |       |       |       |       |     1 |     1 ||     2
       Ice Form          |       |       |       |       |     1 |       ||     1
       Summon Lightning  |       |       |       |       |       |    10 ||    10
       Freezing Cloud    |       |       |       |       |       |     1 ||     1
       Monstrous Menager |       |       |       |       |       |     1 ||     1
Invok: Channel Magic     |       |       |       |       |     6 |       ||     6
       Divine Exegesis   |       |       |       |       |       |     1 ||     1
Evoke: Wand              |       |     3 |     1 |     1 |     2 |     1 ||     8
  Use: Scroll            |       |    13 |     9 |     8 |     8 |    14 ||    52
       Potion            |       |       |       |     1 |     2 |     8 ||    11
 Stab: Sleeping          |     5 |       |     1 |     2 |     2 |     4 ||    14
       Paralysed         |       |     3 |     1 |       |       |       ||     4
       Distracted        |       |       |     3 |     1 |     4 |     7 ||    15
Armor: Robe              |     2 |       |       |       |       |       ||     2
       Leather armour    |     6 |     9 |    31 |    73 |   253 |   152 ||   524
Dodge: Dodged            |    22 |    34 |    52 |   110 |   731 |   580 ||  1529
Block: Buckler           |       |       |    28 |    62 |   313 |   281 ||   684
